AoeStats
← meditator27

Arena

506349976Analyzed
4v4 RM · 18d ago on Sep 13, 2026· 58m 15s· 8 players
Game mode
Random Map
Map size
Large (8 player)
Population
200
Speed
Normal
Resources
Standard
Victory
Conquest
Starting age
Dark Age
Ending age
Imperial Age
RankedLock teamsTeams togetherTeam positionsShared explorationLock speedFull tech treeHidden civsTurbo modeCheats
Victory
Defeat
🇨🇳 Italians · China
1409
+12
🇻🇪 Bengalis · Venezuela
1309
+16
🇺🇸 Spanish · United States
1275
+17
🇳🇿 Portuguese · New Zealand
1198
+20
🇦🇷 Berbers · Argentina
1341
-18
🇻🇳 Huns · Vietnam
1302
-16
🇨🇳 Poles · China
1301
-16
🇹🇼 Bohemians · Taiwan
1272
-15
lobo
11:22 Feudal Age
12:12 Double-Bit Axe
15:10 Castle Age
14:13 Horse Collar
21:09 Bow Saw
21:03 Heavy Plow
24:38 Wheelbarrow
23:49 Loom
24:42 Fervor
26:21 Gold Mining
26:47 Hand Cart
30:58 Imperial Age
28:59 Stone Mining
29:51 Gold Shaft Mining
29:29 Bloodlines
29:53 Fletching
30:08 Padded Archer Armor
30:46 Stone Shaft Mining
30:47 Bodkin Arrow
31:27 Ballistics
32:49 Chemistry
31:55 Siege Engineers
32:02 Siege Engineers
31:59 Elite Skirmisher
34:05 Crop Rotation
34:02 Bracer
34:18 Leather Archer Armor
34:34 Conscription
44:36 Ring Archer Armor
44:19 Forging
44:15 Scale Barding Armor
44:12 Light Cavalry
44:53 Husbandry
45:08 Hussar
47:09 Iron Casting
47:44 Chain Barding Armor
52:27 Elite Genitour
53:17 Onager
55:27 Plate Barding Armor
55:52 Blast Furnace
55:43 Murder Holes
55:59 Masonry
55:22 Pikeman
56:03 Squires
57:14 Devotion
meditator27
10:52 Feudal Age
14:42 Castle Age
12:50 Double-Bit Axe
13:11 Horse Collar
15:42 Bow Saw
22:53 Loom
26:35 Imperial Age
25:04 Wheelbarrow
27:40 Chemistry
29:26 Pikeman
43:00 Halberdier
48:02 Scale Mail Armor
48:40 Forging
48:54 Conscription
49:03 Squires
49:22 Chain Mail Armor
54:23 Heavy Plow
55:49 Hand Cart
Ky
10:19 Feudal Age
12:59 Horse Collar
13:16 Double-Bit Axe
16:24 Castle Age
18:02 Wheelbarrow
17:28 Heavy Plow
17:40 Bow Saw
22:17 Gold Mining
24:57 Bloodlines
27:10 Marauders
30:51 Imperial Age
28:29 Husbandry
28:36 Scale Barding Armor
29:10 Hand Cart
29:34 Gold Shaft Mining
28:47 Loom
30:21 Forging
31:17 Chain Barding Armor
31:45 Elite Tarkan
33:14 Iron Casting
35:42 Fletching
36:53 Blast Furnace
36:29 Plate Barding Armor
36:38 Fletching
47:11 Pikeman
47:52 Squires
47:37 Arson
47:53 Scale Mail Armor
47:49 Bodkin Arrow
49:44 Halberdier
50:40 Chain Mail Armor
50:27 Padded Archer Armor
50:02 Light Cavalry
51:45 Masonry
51:30 Murder Holes
52:51 Hussar
56:34 Bracer
58:03 Conscription
纯属意外666
6:58 Loom
9:40 Feudal Age
10:39 Double-Bit Axe
12:21 Fletching
20:46 Castle Age
19:39 Horse Collar
19:50 Gold Mining
19:51 Stone Mining
22:05 Bow Saw
22:13 Heavy Plow
30:32 Imperial Age
28:53 Forging
29:24 Wheelbarrow
30:23 Stone Shaft Mining
30:24 Szlachta Privileges
32:03 Conscription
31:50 Scale Barding Armor
32:20 Iron Casting
31:07 Cavalier
31:58 Bloodlines
31:53 Husbandry
33:18 Chain Barding Armor
33:35 Hand Cart
33:03 Light Cavalry
35:26 Blast Furnace
36:26 Winged Hussar
39:27 Chemistry
39:34 Lechitic Legacy
56:45 Bodkin Arrow
57:50 Murder Holes
58:09 Masonry
alexisjcw
11:07 Feudal Age
11:25 Loom
14:42 Castle Age
13:02 Double-Bit Axe
14:14 Horse Collar
14:27 Gold Mining
21:12 Padded Archer Armor
24:04 Fervor
24:17 Sanctity
24:08 Redemption
24:54 Wheelbarrow
25:47 Inquisition
26:17 Fletching
26:14 Town Watch
28:41 Leather Archer Armor
28:32 Scale Barding Armor
31:26 Chain Barding Armor
31:16 Stone Mining
37:28 Imperial Age
39:15 Conscription
39:16 Supremacy
39:20 Conscription
39:02 Bodkin Arrow
45:26 Block Printing
45:47 Theocracy
46:39 Heavy Plow
49:02 Plate Barding Armor
49:38 Hand Cart
50:08 Bow Saw
49:40 Capped Ram
51:21 Ring Archer Armor
51:02 Forging
50:53 Scale Mail Armor
51:27 Squires
51:13 Arson
50:50 Pikeman
51:46 Bracer
51:38 Elite Conquistador
51:45 Halberdier
53:41 Stone Shaft Mining
52:36 Siege Ram
53:39 Chain Mail Armor
54:14 Iron Casting
54:41 Fortified Wall
54:41 Masonry
54:52 Ballistics
55:33 Chemistry
Potro Occidental
11:01 Feudal Age
14:51 Castle Age
12:50 Horse Collar
13:59 Double-Bit Axe
15:52 Bow Saw
16:06 Heavy Plow
20:28 Wheelbarrow
22:41 Hand Cart
23:56 Loom
26:58 Imperial Age
26:01 Scale Barding Armor
26:07 Forging
25:53 Gold Mining
26:27 Bloodlines
26:17 Husbandry
28:30 Chain Barding Armor
29:35 Gold Shaft Mining
28:51 Stone Mining
30:23 Plate Barding Armor
30:32 Crop Rotation
33:09 Two-Man Saw
32:26 Pikeman
33:09 Scale Mail Armor
33:01 Fletching
32:54 Elite Battle Elephant
33:18 Halberdier
35:44 Iron Casting
40:21 Blast Furnace
42:51 Chain Mail Armor
42:32 Siege Elephant
52:23 Conscription
58:00 Bodkin Arrow
58:12 Squires
58:01 Gambesons
crystalship
10:29 Feudal Age
14:33 Castle Age
12:27 Double-Bit Axe
12:31 Horse Collar
15:42 Bow Saw
16:22 Heavy Plow
22:03 Loom
22:55 Wheelbarrow
23:51 Town Watch
25:14 Stone Mining
28:06 Imperial Age
26:25 Padded Archer Armor
27:14 Scale Mail Armor
28:28 Gold Mining
28:40 Heavy Plow
30:13 Chemistry
30:36 Hand Cart
31:23 Two-Man Saw
30:53 Crop Rotation
31:44 Fletching
31:32 Elite Organ Gun
32:53 Conscription
33:10 Arquebus
33:35 Ballistics
35:31 Bodkin Arrow
42:30 Siege Engineers
42:29 Bracer
47:06 Town Watch
47:55 Scale Barding Armor
48:01 Forging
48:06 Pikeman
49:17 Chain Mail Armor
48:39 Halberdier
49:56 Iron Casting
50:37 Plate Mail Armor
50:35 Light Cavalry
59:07 Blast Furnace
841003883
10:45 Feudal Age
11:03 Loom
11:46 Double-Bit Axe
15:51 Fletching
19:18 Castle Age
20:36 Bow Saw
22:39 Town Watch
23:40 Wheelbarrow
23:02 Horse Collar
24:49 Heavy Plow
33:46 Imperial Age
32:53 Gold Mining
32:53 Stone Mining
33:27 Bodkin Arrow
33:33 Padded Archer Armor
34:53 Conscription
34:01 Elite Genoese Crossbowman
36:19 Bracer
36:35 Leather Archer Armor
37:03 Thumb Ring
37:52 Ballistics
38:33 Chemistry
38:09 Ring Archer Armor
38:17 Bloodlines
38:08 Husbandry
38:50 Light Cavalry
40:09 Scale Barding Armor
40:15 Forging
40:46 Hussar
41:52 Chain Barding Armor
42:07 Iron Casting
46:04 Two-Man Saw
Connection lost

Rejoining the realm…

Still unreachable

The connection could not be restored.

Session expired

The server has moved on; the page needs a fresh start.